 Dungeon Sprint DCSS version 0.20-a0-1078-g4874019 (webtiles) character file.

960 tinyrick the Unseen (level 7, -21/41 HPs)
             Began as a Spriggan Assassin on May 1, 2017.
             Was an Initiate of Dithmenos.
             Killed by an exploding ballistomycete spore (34 damage)
             ... in the Dungeon (Sprint I: "Red Sonja").
             The game lasted 00:03:59 (927 turns).

tinyrick the Unseen (Spriggan Assassin)              Turns: 927, Time: 00:04:00

Health: -21/41     AC:  3    Str:  7    XL:     7   Next: 92%
Magic:  8/8        EV: 27    Int: 12    God:    Dithmenos [......]
Gold:   371        SH:  0    Dex: 20    Spells: 6/6 levels left

rFire    . . .     SeeInvis +   a - +2 dagger
rCold    . . .     Gourm    .   (shield restricted)
rNeg     . . .     Faith    .   c - +0 robe
rPois    .         Spirit   .   (helmet restricted)
rElec    .         Reflect  .   d - +0 cloak
rCorr    .         Harm     .   (gloves unavailable)
MR       +....     NoTele   +   (boots unavailable)
Stlth    ++........             (no amulet)
Regen    0.2/turn               (no ring)
MPRegen  0.2/turn               (no ring)

@: confused, very quick
A: unfitting armour, see invisible, herbivore 3, speed 3, slow metabolism 2
a: Renounce Religion


You were in the Dungeon.
You worshipped Dithmenos.
Dithmenos was noncommittal.
You were not hungry.

You visited 1 branch You collected 371 gold pieces.

Inventory:

Hand Weapons
 a - a +2 dagger (weapon)
 b - a +0 blowgun
Missiles
 e - 8 poisoned needles
 f - 6 curare-tipped needles
Armour
 c - a +0 robe (worn)
 d - a +0 cloak (worn)
Wands
 n - a wand of polymorph (19/24)
Scrolls
 i - a scroll of enchant weapon {unknown}
Potions
 h - a potion of curing
 k - 2 potions of magic
 l - a potion of berserk rage
 o - a potion of lignification {unknown}
Comestibles
 g - a bread ration


   Skills:
 * Level 6.7 Fighting
 * Level 8.6 Short Blades
 + Level 6.6 Throwing
 * Level 10.2 Dodging
 + Level 15.0 Stealth


You had 6 spell levels left.
You didn't know any spells.

Dungeon Overview and Level Annotations

Branches:
Dungeon (1/1)

Altars:
Cheibriados
Dithmenos
Elyvilon
Fedhas
Gozag
Hepliaklqana
Kikubaaqudgha
Makhleb
Nemelex Xobeh
Okawaru
Qazlal
Ru
Sif Muna
Trog
Uskayaw
Vehumet
Wu Jian
Xom
Yredelemnul
Zin
The Shining One
Jiyva
Lugonu

Shops:
D ([

Annotations:
D Sonja


Innate Abilities, Weirdness & Mutations

You are very small and have problems with some larger weapons.
You are too small for most types of armour.
You have supernaturally acute eyesight. (SInv)
You are a herbivore.
You cover ground extremely quickly.
You need consume almost no food.


Message History

i - a scroll labeled GARHIJ KACOAC
There is an entrance to Rock's Armour Emporium here.
There is an open door here.
There is an open door here.
You see here 27 gold pieces.
You see here 27 gold pieces.
You see here 27 gold pieces.
There is an open door here.
The helpless ballistomycete spore fails to defend itself.
You stick the ballistomycete spore like a pincushion!!!!
The ballistomycete spore explodes!
A fungus suddenly grows.
The explosion of spores engulfs you!
You are confused.
Ouch! That really hurt!
The explosion of spores engulfs the ballistomycete spore.
The ballistomycete spore explodes!
The explosion of spores engulfs you!
You are more confused.
Ouch! That really hurt!
You die...

#..#_____##'#_.+§§§
#⌠⌠#_.∩...'..._#§§§§
####_..__##_.#+##+###
#_____###'# #/[.)###
#########.####'###)##
.....'$.$'.....'.∩#
''####$.$##########
##.## #@# #.!.!.#
#.P./.# #######


There were no monsters in sight!

Vanquished Creatures
  A deep troll (D)
  Sigmund (D)
  A yak (D)
  An ogre (D)
  A jelly (D)
  Ijyb (D)
6 creatures vanquished.

Notes
Turn   | Place    | Note
-------+----------+-------------------------------------------
     0 | D        | tinyrick the Spriggan Assassin began the quest for the Orb.
     0 | D        | Reached XP level 1. HP: 10/10 MP: 2/2
     3 | D        | Noticed Ijyb
    10 | D        | Killed Ijyb
    10 | D        | Reached skill level 9 in Stealth
    10 | D        | Reached XP level 2. HP: 15/15 MP: 3/3
    13 | D        | Noticed an ogre
    16 | D        | Killed an ogre
    16 | D        | Reached skill level 12 in Stealth
    16 | D        | Reached XP level 3. HP: 19/19 MP: 4/4
    16 | D        | Reached XP level 4. HP: 23/23 MP: 5/5
    26 | D        | Noticed Sigmund
    29 | D        | Killed Sigmund
    29 | D        | Reached skill level 5 in Short Blades
    29 | D        | Reached skill level 5 in Throwing
    29 | D        | Reached skill level 5 in Dodging
    29 | D        | Reached skill level 13 in Stealth
    29 | D        | Reached XP level 5. HP: 29/29 MP: 6/6
    29 | D        | Reached XP level 6. HP: 33/33 MP: 7/7
    43 | D        | Found an ornate altar of the Wu Jian Council.
    43 | D        | Found a deep blue altar of Sif Muna.
    45 | D        | Found a radiant altar of Vehumet.
    49 | D        | Reached skill level 14 in Stealth
    51 | D        | Found Sogul's Antique Weapon Emporium.
    51 | D        | Found an ancient bone altar of Kikubaaqudgha.
    51 | D        | Found a hazy altar of Hepliaklqana.
    51 | D        | Found a stormy altar of Qazlal.
    51 | D        | Found a hide-covered altar of Uskayaw.
    51 | D        | Found a blossoming altar of Fedhas.
    51 | D        | Found a bloodstained altar of Trog.
    51 | D        | Found an iron altar of Okawaru.
    51 | D        | Found a basalt altar of Yredelemnul.
    51 | D        | Found a glowing golden altar of the Shining One.
    51 | D        | Found a snail-covered altar of Cheibriados.
    51 | D        | Found a sacrificial altar of Ru.
    51 | D        | Found a glowing silver altar of Zin.
    51 | D        | Found a shadowy altar of Dithmenos.
    51 | D        | Found a white marble altar of Elyvilon.
    51 | D        | Noticed a yak
    52 | D        | Found an opulent altar of Gozag.
    53 | D        | Killed a yak
    53 | D        | Reached skill level 5 in Fighting
    54 | D        | Found a sparkling altar of Nemelex Xobeh.
    60 | D        | Became a worshipper of Dithmenos the Shadowed
    96 | D        | Noticed Sonja
   754 | D        | Found a burning altar of Makhleb.
   754 | D        | Found a shimmering altar of Xom.
   754 | D        | Noticed a slime creature
   755 | D        | Found a viscous altar of Jiyva.
   755 | D        | Found a corrupted altar of Lugonu.
   887 | D        | Noticed a deep troll
   892 | D        | Killed a deep troll
   892 | D        | Reached skill level 10 in Dodging
   892 | D        | Reached skill level 15 in Stealth
   892 | D        | Reached XP level 7. HP: 41/41 MP: 8/8
   908 | D        | Found Rock's Armour Emporium.
   927 | D        | Killed by an exploding ballistomycete spore

Vault maps used:
D:        dungeon_sprint_1

Skill      XL: |  1  2  3  4  5  6 |
---------------+-------------------+-----
Fighting       | 2 4 6 |  6.7
Stealth        | 9 12 13 15 | 15.0
Short Blades   | 3 5 8 |  8.6
Throwing       | 3 5 6 |  6.6
Dodging        | 5 10 | 10.2

Action                   |  1- 3 |  4- 6 |  7- 9 || total
-------------------------+-------+-------+-------++-------
Melee: Dagger            |     6 |    15 |     1 ||    22
  Use: Potion            |       |     2 |       ||     2
       Scroll            |       |     1 |       ||     1
 Stab: Sleeping          |     2 |     4 |     1 ||     7
Armor: Robe              |       |     2 |       ||     2
Dodge: Dodged            |     2 |    22 |       ||    24
